[ PARTIDA AOE2 · #470374098 ]
Team RMTeutones vs Koreans
[ ANÁLISIS DE REPETICIÓN · EXTRAÍDO DE LA PARTIDA GRABADA ]
Feudal
11:04
Castillos
—
Imperial
—
| APM promedio | 13.3 |
| APM pico | 35 |
| eAPM promedio | 8.1 |
| Aldeanos / militares | 31 / 5 |
Foco
⚔️ 10.1% · 🌾 89.9%
Spearman ×3 · Militia ×2
Feudal
10:08
Castillos
—
Imperial
—
| APM promedio | 93.7 |
| APM pico | 148 |
| eAPM promedio | 20.2 |
| Aldeanos / militares | 35 / 25 |
Foco
⚔️ 43.0% · 🌾 57.0%
Skirmisher ×25
Feudal
—
Castillos
—
Imperial
—
| APM promedio | 20.6 |
| APM pico | 35 |
| eAPM promedio | 10.5 |
| Aldeanos / militares | 26 / 7 |
Foco
⚔️ 20.5% · 🌾 79.5%
Spearman ×4 · Militia ×2 · Archer ×1
Feudal
11:09
Castillos
—
Imperial
—
| APM promedio | 29.1 |
| APM pico | 40 |
| eAPM promedio | 13.4 |
| Aldeanos / militares | 37 / 8 |
Foco
⚔️ 24.7% · 🌾 75.3%
Militia ×8
Feudal
12:20
Castillos
—
Imperial
—
| APM promedio | 25.1 |
| APM pico | 78 |
| eAPM promedio | 12.9 |
| Aldeanos / militares | 39 / 5 |
Foco
⚔️ 40.2% · 🌾 59.8%
Skirmisher ×3 · Spearman ×2
Feudal
9:17
Castillos
—
Imperial
—
| APM promedio | 39.3 |
| APM pico | 72 |
| eAPM promedio | 16.2 |
| Aldeanos / militares | 39 / 3 |
Foco
⚔️ 21.4% · 🌾 78.6%
Scout Cavalry ×3
Mapa de la partida
Recursos iniciales + cada clic de construcción. Líneas = muros · curvas = relieve. ◆ oro · ⬟ piedra · ● bayas · ✦ reliquia · ◌ hueco del cierre
Tu base· Abierta — flanco sin cerrar
Base de minecart114514· Abierta — flanco sin cerrar
Base de ElMagnifico7797· Abierta — flanco sin cerrar
Base de Caesar· Abierta — flanco sin cerrar
Base de 毁她丶· Abierta — flanco sin cerrar
Base de 三千哈基终有恨· Abierta — flanco sin cerrar
Terreno inicial suavizado · ◌ = hueco del cierre detectado · pasá el cursor para detalles
Inputs por minuto
— Robert Grigoryan - - minecart114514
Build order — Robert Grigoryan
61 acciones detectadas en el replay
| 0:01 | Crear | Villager (Male) |
| 0:01 | Crear | Villager (Male) |
| 0:02 | Crear | Villager (Male) |
| 0:03 | Construir | House |
| 0:04 | Construir | House |
| 0:22 | Crear | Villager (Male) |
| 1:26 | Crear | Villager (Male) |
| 2:01 | Crear | Villager (Male) |
| 2:15 | Crear | Villager (Male) |
| 2:38 | Crear | Villager (Male) |
| 2:38 | Crear | Villager (Male) |
| 2:59 | Crear | Villager (Male) |
| 3:08 | Crear | Villager (Male) |
| 3:12 | Construir | House |
| 3:47 | Investigar | Loom |
| 4:13 | Crear | Villager (Male) |
| 5:05 | Crear | Villager (Male) |
| 5:06 | Crear | Villager (Male) |
| 5:33 | Construir | Lumber Camp |
| 5:52 | Construir | Mill |
| 5:54 | Crear | Villager (Male) |
| 6:30 | Crear | Villager (Male) |
| 6:30 | Crear | Villager (Male) |
| 6:41 | Construir | Mill |
| 7:07 | Construir | House |
| 7:46 | Crear | Villager (Male) |
| 7:50 | Crear | Villager (Male) |
| 8:43 | Crear | Villager (Male) |
| 8:54 | Investigar | Feudal Age |
| 10:02 | Construir | House |
| 10:04 | Construir | House |
| 10:16 | Crear | Villager (Male) |
| 10:21 | Crear | Villager (Male) |
| 11:04 | Edad | Edad Feudal |
| 11:07 | Investigar | Double-Bit Axe |
| 11:08 | Investigar | Horse Collar |
| 11:09 | Crear | Villager (Male) |
| 11:20 | Construir | Mining Camp |
| 12:19 | Crear | Villager (Male) |
| 12:21 | Crear | Villager (Male) |
| 12:55 | Construir | Barracks |
| 13:01 | Construir | Watch Tower |
| 13:16 | Crear | Villager (Male) |
| 13:16 | Crear | Villager (Male) |
| 13:16 | Crear | Villager (Male) |
| 13:26 | Construir | Farm |
| 13:33 | Construir | Farm |
| 13:36 | Construir | Farm |
| 13:38 | Construir | Farm |
| 13:40 | Construir | Farm |
| 13:58 | Construir | Farm |
| 14:04 | Construir | Farm |
| 14:15 | Crear | Militia |
| 14:15 | Crear | Militia |
| 14:34 | Crear | Villager (Male) |
| 14:35 | Crear | Villager (Male) |
| 14:35 | Crear | Villager (Male) |
| 15:14 | Construir | Mining Camp |
| 15:22 | Crear | Spearman |
| 15:22 | Crear | Spearman |
| 15:22 | Crear | Spearman |
Build order — minecart114514
91 acciones detectadas en el replay
| 0:00 | Crear | Villager (Male) |
| 0:01 | Crear | Villager (Male) |
| 0:01 | Crear | Villager (Male) |
| 0:01 | Crear | Villager (Male) |
| 0:02 | Construir | House |
| 0:05 | Construir | House |
| 1:24 | Crear | Villager (Male) |
| 1:38 | Crear | Villager (Male) |
| 2:11 | Crear | Villager (Male) |
| 2:11 | Crear | Villager (Male) |
| 2:30 | Crear | Villager (Male) |
| 2:59 | Crear | Villager (Male) |
| 3:21 | Crear | Villager (Male) |
| 3:21 | Crear | Villager (Male) |
| 3:22 | Crear | Villager (Male) |
| 3:23 | Crear | Villager (Male) |
| 3:24 | Crear | Villager (Male) |
| 3:28 | Construir | House |
| 3:52 | Crear | Villager (Male) |
| 4:00 | Crear | Villager (Male) |
| 4:14 | Crear | Villager (Male) |
| 4:15 | Crear | Villager (Male) |
| 4:15 | Crear | Villager (Male) |
| 4:38 | Crear | Villager (Male) |
| 4:38 | Crear | Villager (Male) |
| 5:02 | Construir | House |
| 5:04 | Construir | Lumber Camp |
| 6:39 | Crear | Villager (Male) |
| 6:59 | Crear | Villager (Male) |
| 7:10 | Construir | Mill |
| 7:33 | Crear | Villager (Male) |
| 7:51 | Investigar | Feudal Age |
| 7:52 | Investigar | Feudal Age |
| 9:00 | Construir | Barracks |
| 9:06 | Investigar | Loom |
| 9:21 | Construir | House |
| 9:42 | Crear | Villager (Male) |
| 9:43 | Crear | Villager (Male) |
| 10:04 | Construir | House |
| 10:06 | Construir | Palisade Wall |
| 10:08 | Edad | Edad Feudal |
| 10:12 | Construir | Archery Range |
| 10:22 | Construir | House |
| 10:24 | Construir | Palisade Wall |
| 10:41 | Investigar | Double-Bit Axe |
| 10:41 | Investigar | Double-Bit Axe |
| 11:03 | Crear | Villager (Male) |
| 11:07 | Construir | Archery Range |
| 11:09 | Crear | Skirmisher |
| 11:09 | Crear | Skirmisher |
| 11:09 | Crear | Skirmisher |
| 11:25 | Crear | Villager (Male) |
| 11:28 | Construir | Farm |
| 11:42 | Construir | Archery Range |
| 11:44 | Crear | Skirmisher |
| 12:05 | Crear | Skirmisher |
| 12:05 | Crear | Skirmisher |
| 12:05 | Crear | Skirmisher |
| 12:07 | Crear | Villager (Male) |
| 12:17 | Construir | Farm |
| 12:20 | Crear | Skirmisher |
| 12:20 | Crear | Skirmisher |
| 12:22 | Crear | Villager (Male) |
| 12:39 | Crear | Skirmisher |
| 12:40 | Crear | Skirmisher |
| 12:40 | Crear | Skirmisher |
| 12:57 | Crear | Skirmisher |
| 12:58 | Crear | Skirmisher |
| 13:15 | Crear | Skirmisher |
| 13:16 | Crear | Skirmisher |
| 13:29 | Construir | House |
| 13:32 | Construir | House |
| 13:38 | Crear | Skirmisher |
| 13:39 | Crear | Skirmisher |
| 13:39 | Crear | Skirmisher |
| 13:39 | Crear | Skirmisher |
| 13:45 | Construir | House |
| 13:47 | Construir | Farm |
| 14:04 | Crear | Skirmisher |
| 14:04 | Crear | Skirmisher |
| 14:16 | Crear | Villager (Male) |
| 14:19 | Construir | Farm |
| 14:22 | Construir | Farm |
| 15:05 | Crear | Villager (Male) |
| 15:19 | Crear | Skirmisher |
| 15:19 | Crear | Skirmisher |
| 15:19 | Crear | Skirmisher |
| 15:20 | Crear | Villager (Male) |
| 15:24 | Construir | Archery Range |
| 15:27 | Crear | Villager (Male) |
| 15:32 | Construir | Farm |
Build order — ElMagnifico7797
67 acciones detectadas en el replay
| 0:01 | Crear | Villager (Male) |
| 0:01 | Crear | Villager (Male) |
| 0:02 | Crear | Villager (Male) |
| 0:02 | Crear | Villager (Male) |
| 0:04 | Construir | House |
| 0:08 | Construir | House |
| 1:38 | Crear | Villager (Male) |
| 1:38 | Crear | Villager (Male) |
| 2:32 | Crear | Villager (Male) |
| 3:18 | Construir | Mill |
| 3:22 | Crear | Villager (Male) |
| 3:22 | Crear | Villager (Male) |
| 3:22 | Crear | Villager (Male) |
| 3:23 | Crear | Villager (Male) |
| 3:23 | Crear | Villager (Male) |
| 4:09 | Construir | House |
| 4:11 | Construir | House |
| 4:50 | Construir | Palisade Wall |
| 4:58 | Crear | Villager (Male) |
| 5:16 | Crear | Villager (Male) |
| 5:17 | Crear | Villager (Male) |
| 5:17 | Crear | Villager (Male) |
| 5:17 | Crear | Villager (Male) |
| 5:18 | Crear | Villager (Male) |
| 5:49 | Crear | Villager (Male) |
| 6:18 | Crear | Villager (Male) |
| 6:19 | Crear | Villager (Male) |
| 6:37 | Construir | Lumber Camp |
| 6:46 | Crear | Villager (Male) |
| 6:54 | Crear | Villager (Male) |
| 7:28 | Investigar | Loom |
| 8:11 | Investigar | Feudal Age |
| 8:22 | Construir | Lumber Camp |
| 8:33 | Construir | House |
| 8:52 | Construir | Mining Camp |
| 9:44 | Construir | Palisade Wall |
| 9:46 | Construir | Palisade Wall |
| 9:47 | Construir | Palisade Wall |
| 9:48 | Construir | Palisade Wall |
| 10:02 | Construir | Barracks |
| 10:27 | Investigar | Double-Bit Axe |
| 10:35 | Crear | Spearman |
| 10:35 | Crear | Spearman |
| 10:36 | Crear | Spearman |
| 10:44 | Crear | Villager (Male) |
| 11:11 | Crear | Villager (Male) |
| 11:26 | Construir | Archery Range |
| 11:43 | Crear | Villager (Male) |
| 11:51 | Construir | Farm |
| 11:56 | Construir | Farm |
| 12:02 | Construir | Farm |
| 12:20 | Construir | House |
| 12:21 | Construir | House |
| 12:39 | Crear | Spearman |
| 12:51 | Investigar | Man-at-Arms (upgrade) |
| 12:59 | Crear | Archer |
| 13:10 | Construir | Farm |
| 13:43 | Construir | Watch Tower |
| 14:00 | Crear | Militia |
| 14:00 | Crear | Militia |
| 14:36 | Construir | Mining Camp |
| 14:49 | Construir | House |
| 14:50 | Construir | House |
| 14:51 | Construir | House |
| 14:59 | Construir | House |
| 15:00 | Construir | House |
| 15:01 | Construir | House |
Build order — Caesar
71 acciones detectadas en el replay
| 0:04 | Construir | House |
| 0:06 | Construir | House |
| 0:06 | Crear | Villager (Male) |
| 0:07 | Crear | Villager (Male) |
| 0:12 | Crear | Villager (Male) |
| 0:12 | Crear | Villager (Male) |
| 0:12 | Crear | Villager (Male) |
| 1:25 | Crear | Villager (Male) |
| 1:25 | Crear | Villager (Male) |
| 1:48 | Crear | Villager (Male) |
| 1:48 | Crear | Villager (Male) |
| 2:00 | Construir | Lumber Camp |
| 2:21 | Crear | Villager (Male) |
| 2:21 | Crear | Villager (Male) |
| 3:01 | Crear | Villager (Male) |
| 3:01 | Crear | Villager (Male) |
| 3:01 | Crear | Villager (Male) |
| 3:16 | Crear | Villager (Male) |
| 3:17 | Crear | Villager (Male) |
| 3:52 | Crear | Villager (Male) |
| 3:53 | Crear | Villager (Male) |
| 3:58 | Construir | House |
| 4:02 | Crear | Villager (Male) |
| 4:02 | Crear | Villager (Male) |
| 4:32 | Construir | House |
| 4:52 | Construir | House |
| 4:58 | Crear | Villager (Male) |
| 5:13 | Crear | Villager (Male) |
| 5:41 | Crear | Villager (Male) |
| 6:04 | Crear | Villager (Male) |
| 6:14 | Construir | Mill |
| 6:30 | Crear | Villager (Male) |
| 6:51 | Crear | Villager (Male) |
| 6:57 | Construir | Farm |
| 7:17 | Construir | Farm |
| 7:18 | Crear | Villager (Male) |
| 7:50 | Investigar | Loom |
| 8:04 | Construir | Farm |
| 8:14 | Construir | Farm |
| 8:59 | Investigar | Feudal Age |
| 9:11 | Construir | Barracks |
| 9:43 | Construir | Mining Camp |
| 10:23 | Crear | Villager (Male) |
| 10:23 | Crear | Villager (Male) |
| 10:34 | Crear | Militia |
| 10:35 | Crear | Militia |
| 10:35 | Crear | Militia |
| 10:51 | Crear | Militia |
| 11:09 | Edad | Edad Feudal |
| 11:16 | Investigar | Man-at-Arms (upgrade) |
| 11:16 | Crear | Militia |
| 11:38 | Crear | Villager (Male) |
| 11:48 | Crear | Militia |
| 11:51 | Construir | Mining Camp |
| 12:00 | Investigar | Double-Bit Axe |
| 12:04 | Crear | Militia |
| 12:14 | Crear | Villager (Male) |
| 12:29 | Construir | House |
| 12:40 | Crear | Villager (Male) |
| 12:53 | Construir | House |
| 12:56 | Crear | Militia |
| 13:24 | Construir | Watch Tower |
| 13:55 | Crear | Villager (Male) |
| 13:55 | Crear | Villager (Male) |
| 14:01 | Investigar | Horse Collar |
| 14:21 | Crear | Villager (Male) |
| 14:28 | Construir | Farm |
| 14:29 | Crear | Villager (Male) |
| 14:48 | Construir | Farm |
| 15:15 | Crear | Villager (Male) |
| 15:18 | Construir | Farm |
Build order — 毁她丶
64 acciones detectadas en el replay
| 0:06 | Construir | House |
| 0:14 | Crear | Villager (Male) |
| 0:14 | Crear | Villager (Male) |
| 0:14 | Crear | Villager (Male) |
| 0:14 | Crear | Villager (Male) |
| 0:15 | Crear | Villager (Male) |
| 2:09 | Crear | Villager (Male) |
| 2:09 | Crear | Villager (Male) |
| 2:37 | Construir | Mill |
| 2:59 | Crear | Villager (Male) |
| 3:00 | Crear | Villager (Male) |
| 3:30 | Crear | Villager (Male) |
| 3:31 | Crear | Villager (Male) |
| 3:36 | Construir | House |
| 3:37 | Construir | House |
| 4:01 | Crear | Villager (Male) |
| 4:28 | Crear | Villager (Male) |
| 4:28 | Crear | Villager (Male) |
| 4:31 | Construir | Lumber Camp |
| 4:43 | Crear | Villager (Male) |
| 4:43 | Crear | Villager (Male) |
| 5:13 | Crear | Villager (Male) |
| 5:14 | Crear | Villager (Male) |
| 5:28 | Crear | Villager (Male) |
| 5:28 | Crear | Villager (Male) |
| 5:37 | Crear | Villager (Male) |
| 5:38 | Crear | Villager (Male) |
| 5:38 | Crear | Villager (Male) |
| 5:51 | Crear | Villager (Male) |
| 5:51 | Crear | Villager (Male) |
| 5:56 | Construir | Mill |
| 7:12 | Crear | Villager (Male) |
| 7:12 | Crear | Villager (Male) |
| 7:17 | Crear | Villager (Male) |
| 7:17 | Crear | Villager (Male) |
| 7:19 | Crear | Villager (Male) |
| 7:19 | Crear | Villager (Male) |
| 7:20 | Crear | Villager (Male) |
| 7:21 | Crear | Villager (Male) |
| 7:29 | Construir | House |
| 8:06 | Construir | Mining Camp |
| 9:05 | Crear | Villager (Male) |
| 10:10 | Investigar | Feudal Age |
| 11:19 | Construir | Barracks |
| 11:51 | Crear | Villager (Male) |
| 11:52 | Crear | Villager (Male) |
| 12:08 | Crear | Villager (Male) |
| 12:09 | Crear | Villager (Male) |
| 12:09 | Crear | Villager (Male) |
| 12:20 | Edad | Edad Feudal |
| 12:31 | Construir | Archery Range |
| 12:38 | Crear | Spearman |
| 12:38 | Crear | Spearman |
| 13:10 | Crear | Skirmisher |
| 13:10 | Crear | Skirmisher |
| 13:10 | Crear | Skirmisher |
| 13:16 | Construir | House |
| 13:16 | Construir | House |
| 13:20 | Construir | House |
| 13:38 | Construir | Farm |
| 13:39 | Construir | Farm |
| 14:03 | Construir | Farm |
| 14:03 | Construir | Farm |
| 14:33 | Construir | Watch Tower |
Build order — 三千哈基终有恨
79 acciones detectadas en el replay
| 0:01 | Crear | Villager (Male) |
| 0:01 | Crear | Villager (Male) |
| 0:03 | Construir | House |
| 0:05 | Construir | House |
| 0:50 | Crear | Villager (Male) |
| 0:50 | Crear | Villager (Male) |
| 0:51 | Crear | Villager (Male) |
| 1:24 | Construir | House |
| 1:36 | Crear | Villager (Male) |
| 1:36 | Crear | Villager (Male) |
| 2:04 | Crear | Villager (Male) |
| 2:05 | Crear | Villager (Male) |
| 2:21 | Crear | Villager (Male) |
| 2:22 | Crear | Villager (Male) |
| 2:45 | Construir | Lumber Camp |
| 2:55 | Crear | Villager (Male) |
| 2:56 | Crear | Villager (Male) |
| 3:16 | Crear | Villager (Male) |
| 3:17 | Crear | Villager (Male) |
| 3:39 | Crear | Villager (Male) |
| 3:39 | Crear | Villager (Male) |
| 4:16 | Crear | Villager (Male) |
| 4:17 | Crear | Villager (Male) |
| 4:17 | Crear | Villager (Male) |
| 4:17 | Crear | Villager (Male) |
| 5:06 | Crear | Villager (Male) |
| 5:52 | Crear | Villager (Male) |
| 5:54 | Crear | Villager (Male) |
| 6:01 | Construir | Mill |
| 6:21 | Investigar | Loom |
| 6:44 | Investigar | Feudal Age |
| 7:28 | Crear | Villager (Male) |
| 7:40 | Construir | House |
| 8:09 | Construir | House |
| 8:17 | Construir | Barracks |
| 8:25 | Construir | Palisade Wall |
| 8:45 | Crear | Villager (Male) |
| 9:17 | Edad | Edad Feudal |
| 9:22 | Investigar | Double-Bit Axe |
| 9:27 | Investigar | Horse Collar |
| 9:50 | Construir | Farm |
| 10:04 | Crear | Villager (Male) |
| 10:19 | Construir | Stable |
| 10:23 | Crear | Villager (Male) |
| 10:36 | Construir | Farm |
| 10:43 | Crear | Villager (Male) |
| 10:47 | Construir | House |
| 10:56 | Crear | Villager (Male) |
| 11:02 | Construir | Farm |
| 11:15 | Construir | Farm |
| 11:19 | Crear | Scout Cavalry |
| 11:21 | Crear | Scout Cavalry |
| 11:27 | Construir | Farm |
| 11:37 | Construir | Farm |
| 11:38 | Crear | Villager (Male) |
| 11:43 | Construir | House |
| 11:51 | Construir | Farm |
| 11:52 | Crear | Villager (Male) |
| 12:03 | Construir | Farm |
| 12:05 | Crear | Villager (Male) |
| 12:17 | Construir | House |
| 12:21 | Construir | Farm |
| 12:28 | Crear | Scout Cavalry |
| 12:37 | Construir | Farm |
| 12:50 | Construir | Farm |
| 12:51 | Crear | Villager (Male) |
| 13:16 | Construir | House |
| 13:30 | Construir | Farm |
| 13:30 | Crear | Villager (Male) |
| 13:30 | Crear | Villager (Male) |
| 13:37 | Construir | Farm |
| 13:54 | Construir | Farm |
| 13:58 | Construir | House |
| 14:19 | Construir | Palisade Wall |
| 14:21 | Crear | Villager (Male) |
| 14:35 | Construir | House |
| 14:38 | Crear | Villager (Male) |
| 15:07 | Construir | Market |
| 15:10 | Crear | Villager (Male) |
Cronología de la partida
| 4:50 | ElMagnifico7797 · wall_segment Palisade Wall x9 |
| 8:17 | 三千哈基终有恨 · first_building Barracks |
| 8:25 | 三千哈基终有恨 · wall_segment Palisade Wall x1 |
| 9:00 | minecart114514 · first_building Barracks |
| 9:11 | Caesar · first_building Barracks |
| 9:17 | 三千哈基终有恨 · age_up feudal |
| 9:44 | ElMagnifico7797 · wall_segment Palisade Wall x1 |
| 9:46 | ElMagnifico7797 · wall_segment Palisade Wall x1 |
| 9:47 | ElMagnifico7797 · wall_segment Palisade Wall x1 |
| 9:48 | ElMagnifico7797 · wall_segment Palisade Wall x1 |
| 10:02 | ElMagnifico7797 · first_building Barracks |
| 10:06 | minecart114514 · wall_segment Palisade Wall x3 |
| 10:08 | minecart114514 · age_up feudal |
| 10:12 | minecart114514 · first_building Archery Range |
| 10:19 | 三千哈基终有恨 · first_building Stable |
| 10:24 | minecart114514 · wall_segment Palisade Wall x3 |
| 11:04 | Robert Grigoryan · age_up feudal |
| 11:09 | Caesar · age_up feudal |
| 11:19 | 毁她丶 · first_building Barracks |
| 11:26 | ElMagnifico7797 · first_building Archery Range |
| 12:20 | 毁她丶 · age_up feudal |
| 12:31 | 毁她丶 · first_building Archery Range |
| 12:55 | Robert Grigoryan · first_building Barracks |
| 14:19 | 三千哈基终有恨 · wall_segment Palisade Wall x9 |
| 15:23 | ElMagnifico7797 · resign |
[ ANÁLISIS IA · 1 CRÉDITO ]
¿Qué pasó realmente en esta partida?
Wolo.gg analiza cada decisión: build order, eco, micro, errores típicos por bracket. Análisis personalizado por WhatsApp o Discord en 30 segundos.
Guía civ
Teutones
Guía mapa
Socotra
Perfil
Robert Grigoryan